 Dungeon Sprint DCSS version 0.31-a0-1-g4198be8af4 (webtiles) character file.

Game seed: 4856129356588887213

2074 Conn the Thaumaturge (level 9, 0/51 HPs)
             Began as an Octopode Fire Elementalist on May 1, 2023.
             Was a Follower of Sif Muna.
             Shot with an arrow by a centaur warrior (20 damage)
             ... in the Dungeon (Sprint I: "Red Sonja").
             The game lasted 00:10:17 (730 turns).

Conn the Thaumaturge (Octopode Fire Elementalist)    Turns: 730, Time: 00:10:20

Health: 0/51       AC:  1    Str:  8    XL:     9   Next: 26%
Magic:  21/25      EV: 14    Int: 21    God:    Sif Muna [*.....]
Gold:   563        SH:  0    Dex: 12    Spells: 23/33 levels left

rFire   . . .        k - +3 war axe of Herut {freeze, rElec}
rCold   + . .        (no shield)
rNeg    . . .        (helmet restricted)
rPois   +            (no amulet)
rElec   +            g - ring of protection from cold
rCorr   .            m - ring of poison resistance
SInv    .            (no ring)
Will    .....        (no ring)
Stlth   ++++         (no ring)
HPRegen 0.28/turn    (no ring)
MPRegen 0.19/turn    (no ring)
                     (no ring)

%: no teleportation
@: no status effects
A: almost no armour, amphibious, 8 rings, camouflage 1, gelatinous body 1,
(nimble swimmer 1), tentacles
a: Renounce Religion, Channel Magic


You were in the Dungeon.
You worshipped Sif Muna.
Sif Muna was aware of your devotion.
You visited 1 branch You collected 718 gold pieces.
You spent 155 gold pieces at shops.

Inventory:

Hand Weapons
 e - a +0 dagger
 i - a +0 short sword of venom
 k - the +3 war axe of Herut (weapon) {freeze, rElec}
   (You found it in the Dungeon)

   rElec:     It insulates you from electricity.
Missiles
 j - a curare-tipped dart (quivered)
Jewellery
 g - a ring of protection from cold (left tentacle)
 m - a ring of poison resistance (right tentacle)
Wands
 d - a wand of polymorph (2)
Scrolls
 f - a scroll of blinking
 h - a scroll of fog {unknown}
 n - 3 scrolls of identify {unknown}
Potions
 a - 2 potions of magic
 b - 3 potions of curing
 c - a potion of heal wounds


   Skills:
 + Level 1.0 Throwing
 + Level 4.5 Dodging
 + Level 5.9 Stealth
 * Level 12.9 Spellcasting
 * Level 8.1 Conjurations
 + Level 2.7 Hexes
 + Level 11.5 Fire Magic


You had 23 spell levels left.
You knew the following spells:

 Your Spells              Type           Power      Damage    Failure   Level
a - Foxfire               Conj/Fire      100%       2x1d9     1%          1
b - Scorch                Fire           100%       2d9       1%          2
c - Inner Flame           Hex/Fire       43%        N/A       1%          3
d - Flame Wave            Conj/Fire      53%        2d13      1%          4

Your spell library contained the following spells:

 Spells                   Type           Power      Damage    Failure   Level
 Volatile Blastmotes      Fire/Tloc      74%        2d16      1%          3


Dungeon Overview and Level Annotations

Branches:
Dungeon (1/1)

Altars:
Cheibriados
Dithmenos
Elyvilon
Fedhas
Gozag
Hepliaklqana
Kikubaaqudgha
Nemelex Xobeh
Okawaru
Qazlal
Ru
Sif Muna
Trog
Uskayaw
Vehumet
Wu Jian
Yredelemnul
Zin
The Shining One

Shops:
D ?:[


Innate Abilities, Weirdness & Mutations

You cannot wear most types of armour.
You are amphibious.
You can wear up to eight rings at the same time.
Your skin changes colour to match your surroundings (Stealth+).
Your rubbery body absorbs attacks. (AC +1, EV +1)
((You are camouflaged when in or above water. (Stealth+)))
You have tentacles for arms and can constrict up to eight enemies at once.


Message History

There is an open door here.
You see here a deep troll skeleton.
There is an open door here.
The centaur warrior shouts!
The centaur warrior hits you but does no damage.
The centaur warrior barely misses you. The centaur warrior hits you!
The centaur warrior kicks you.
There is an open door here.
Throw: 2 darts (curare)
Press: ? - help, Q - select action, (/) - cycle Shift-Dir - straight line, f - centaur warrior
Aim: a centaur warrior (64% to hit)
You throw a curare-tipped dart.
The curare-tipped dart closely misses the centaur warrior.
The centaur warrior hits you! The centaur warrior kicks you.
Okay, then.
Unknown command.
Okay, then.
Unknown command.
Blink to where?
Press: ? - help, Dir - move target, p - centaur warrior
As you read the scroll of blinking, it crumbles to dust.
The centaur warrior wields a +0 shortbow.
The centaur warrior shoots an arrow.
The arrow misses you.
Casting: Flame Wave (dangerous; 1% risk of failure)
Confirm with . or Enter, or press ? or * to list all spells.
You conjure some foxfire!
Casting: Foxfire (safe; 1% risk of failure)
Confirm with . or Enter, or press ? or * to list all spells.
Aiming: Inner Flame (safe; 1% risk of failure)
Press: ? - help, Dir - move target, f - centaur warrior
Aim: a centaur warrior, wielding a +0 shortbow (ally target, chance to affect: 80%)
The centaur warrior is filled with an inner flame.
The foxfire hits the centaur warrior!
Flame seeps out of the centaur warrior.
The centaur warrior is lightly wounded.
The foxfire hits the centaur warrior.
Flame seeps out of the centaur warrior.
The centaur warrior is lightly wounded.
The centaur warrior is engulfed in blazing flames.
Flame seeps out of the centaur warrior.
The centaur warrior shoots an arrow.
The arrow hits you!!
You die...

#..#####'#####'# ###
#.)####..#...#.####§§#
#..#__####..##.#~§§.(#
#..#_____##'#_.+~§~§.+
#⌠⌠#_.∩...'..._#~§)§
####_..__##_.#'##§###
#_____###'#.#(..(###
############÷####'###.##
#∩........@§§§'c....'.∩#
###++++####§§§##########
###.### #.#'#.# #.....#
#...(.# #######


You could see a centaur warrior (inner flame).

Vanquished Creatures
  A centaur warrior (D)
  Sonja (D)
  A deep troll (D)
  Sigmund (D)
  A yak (D)
  An ogre (D)
  A jelly (D)
  Ijyb (D)
  2 ballistomycete spores (D)
10 creatures vanquished.

Vanquished Creatures (others)
  33 foxfires (D)
33 creatures vanquished.

Grand Total: 43 creatures vanquished

Notes
Turn   | Place    | Note
-------+----------+-------------------------------------------
     0 | D        | Conn the Octopode Fire Elementalist began the quest for the
                  | Orb.
     0 | D        | Reached XP level 1. HP: 11/11 MP: 3/3
    22 | D        | Noticed Ijyb
    28 | D        | Killed Ijyb
    29 | D        | Reached skill level 3 in Spellcasting
    29 | D        | Reached XP level 2. HP: 17/17 MP: 1/6
    29 | D        | Reached XP level 3. HP: 21/21 MP: 1/7
    37 | D        | Learned a level 2 spell: Scorch
    38 | D        | Noticed an ogre
    44 | D        | Killed an ogre
    45 | D        | Reached skill level 5 in Spellcasting
    45 | D        | Reached XP level 4. HP: 27/27 MP: 2/11
   120 | D        | Learned a level 3 spell: Inner Flame
   125 | D        | Learned a level 4 spell: Flame Wave
   125 | D        | Noticed Sigmund
   144 | D        | Killed Sigmund
   145 | D        | Reached skill level 6 in Spellcasting
   145 | D        | Reached skill level 1 in Hexes
   145 | D        | Reached XP level 5. HP: 15/31 MP: 7/14
   145 | D        | Reached XP level 6. HP: 17/36 MP: 7/15
   169 | D        | Found a shimmering blue altar of Sif Muna.
   170 | D        | Found an ornate altar of the Wu Jian Council.
   171 | D        | Found a radiant altar of Vehumet.
   175 | D        | Became a worshipper of Sif Muna the Loreminder
   178 | D        | Reached skill level 7 in Spellcasting
   178 | D        | Reached skill level 5 in Conjurations
   282 | D        | Found Toab's Book Emporium.
   282 | D        | Found an ancient bone altar of Kikubaaqudgha.
   282 | D        | Found a hazy altar of Hepliaklqana.
   282 | D        | Found a stormy altar of Qazlal.
   282 | D        | Found a hide-covered altar of Uskayaw.
   282 | D        | Found a blossoming altar of Fedhas.
   282 | D        | Found a bloodstained altar of Trog.
   282 | D        | Found an iron altar of Okawaru.
   282 | D        | Found a basalt altar of Yredelemnul.
   282 | D        | Found a glowing golden altar of the Shining One.
   282 | D        | Found a snail-covered altar of Cheibriados.
   282 | D        | Found a sacrificial altar of Ru.
   282 | D        | Found a glowing silver altar of Zin.
   282 | D        | Found a shadowy altar of Dithmenos.
   282 | D        | Found a white marble altar of Elyvilon.
   282 | D        | Noticed a yak
   290 | D        | Killed a yak
   291 | D        | Reached skill level 5 in Stealth
   291 | D        | Reached skill level 8 in Spellcasting
   293 | D        | Found an opulent altar of Gozag.
   294 | D        | Found a sparkling altar of Nemelex Xobeh.
   366 | D        | Noticed Sonja
   368 | D        | Killed Sonja
   368 | D        | Reached * piety under Sif Muna
   369 | D        | Reached skill level 10 in Spellcasting
   369 | D        | Reached skill level 10 in Fire Magic
   369 | D        | Reached XP level 7. HP: 41/41 MP: 12/21
   369 | D        | Reached XP level 8. HP: 46/46 MP: 12/22
   394 | D        | Identified the +3 war axe of Herut {freeze, rElec}
   451 | D        | Found Higriox's Magic Scroll Boutique.
   459 | D        | Bought a scroll of fear for 40 gold pieces
   459 | D        | Bought a scroll of fear for 40 gold pieces
   459 | D        | Bought a scroll of blinking for 75 gold pieces
   471 | D        | Noticed a deep troll
   480 | D        | Killed a deep troll
   481 | D        | Reached skill level 11 in Spellcasting
   494 | D        | Found Ylazell's Armour Emporium.
   535 | D        | Noticed a centaur warrior
   551 | D        | Noticed a centaur warrior
   551 | D        | Killed a centaur warrior
   552 | D        | Reached skill level 1 in Throwing
   552 | D        | Reached skill level 12 in Spellcasting
   552 | D        | Reached XP level 9. HP: 51/51 MP: 17/25
   730 | D        | Shot with an arrow by a centaur warrior

Illustrated notes

Levels and vault maps discovered:
D:        dungeon_sprint_1 [red_sonja_temple_1, red_sonja_temple_small_1]

Skill      XL: |  1  2  3  4  5  6  7  8 |
---------------+-------------------------+-----
Stealth        | 3 4 5 |  5.9
Spellcasting   | 3 5 6 10 12 | 12.9
Conjurations   | 2 3 4 6 8 |  8.1
Fire Magic     | 4 6 8 10 11 | 11.5
Dodging        | 3 4 |  4.5
Hexes          | 1 2 |  2.7
Throwing       | 1 |  1.0

Action                     |  1- 3 |  4- 6 |  7- 9 || total
---------------------------+-------+-------+-------++-------
  Melee: Unarmed           |     9 |       |       ||     9
  Throw: Dart              |       |       |     4 ||     4
   Cast: Foxfire           |     3 |     5 |     9 ||    17
         Scorch            |       |    11 |     8 ||    19
         Inner Flame       |       |     3 |     1 ||     4
         Flame Wave        |       |       |     1 ||     1
    Use: Potion            |     2 |     1 |       ||     3
         Scroll            |       |       |     3 ||     3
 Armour: Skin              |       |     1 |     2 ||     3
  Dodge: Dodged            |     3 |     1 |     4 ||     8

Table legend: (Time is in decaauts)
 A = Elapsed time spent in this place.
 B = Non-inter-level travel time spent in this place.
 C = Inter-level travel time spent in this place.
 D = Time resting spent in this place.
 E = Time spent auto-exploring this place.
 F = Levels seen in this place.
 G = Mean time per level.
                   A        B        C        D        E       F      G
               +--------+--------+--------+--------+--------+-----+--------+
         Total |    723 |    723 |      0 |    372 |      0 |   1 |  723.0 |
       Dungeon |    723 |    723 |      0 |    372 |      0 |   1 |  723.0 |
               +--------+--------+--------+--------+--------+-----+--------+

Top non-repeatable levels by time:
       D: 723 daAuts
